 Dungeon Crawl Stone Soup version 0.31-a0-325-g067879e3d3 (webtiles) character file.

Game seed: 5006219110193222590

357 lunkers the Grappler (level 7, -3/55 HPs)
             Began as a Meteoran Shapeshifter on July 18, 2023.
             Slain by a gnoll
             ... wielding a +0 halberd
              (5 damage)
             ... on level 5 of the Dungeon.
             The game lasted 00:04:20 (1770 turns).

lunkers the Grappler (Meteoran Shapeshifter)        Turns: 1770, Time: 00:04:21

Health: -3/55      AC:  3    Str: 17    XL:     7   Next: 17%
Magic:  8/8        EV: 12    Int: 15    God:
Gold:   166        SH:  0    Dex: 16    Spells: 6/6 levels left

rFire   . .          .
                       - Unarmed
rCold   . . .        (no shield)
rNeg    . . .        o - +0 leather armour of Responsibility {rCorr Int+5}
rPois   .            (helmet currently unavailable)
rElec   .            (cloak currently unavailable)
rCorr   +            (gloves currently unavailable)
SInv    +            (boots currently unavailable)
Will    .....        (no amulet)
Stlth   +            q - ring of see invisible
HPRegen 0.29/turn    (no ring)
MPRegen 0.11/turn

%: no passive effects
@: beast-form, marked, glowing
A: beast (slay +2), sense surroundings 1, otherworldly, glowing, explore regen
a: Begin Untransformation


You were on level 5 of the Dungeon.
You were a hulking beast.
You visited 1 branch of the dungeon, and saw 5 of its levels.

You collected 166 gold pieces.

Inventory:

Armour
 a - a +0 animal skin
 d - a +2 pair of boots
 o - the +0 leather armour of Responsibility (worn) {rCorr Int+5}
   (You found it on level 3 of the Dungeon)

   Int:       It affects your intelligence (+5).
   rCorr:     It protects you from acid and corrosion.
Jewellery
 b - an amulet of guardian spirit
 q - a ring of see invisible (left hand)
Talismans
 c - a beast talisman
Scrolls
 e - 3 scrolls of enchant armour {unknown}
 f - a scroll of vulnerability {unknown}
 g - a scroll of torment {unknown}
 h - a scroll of immolation {unknown}
 j - a scroll of blinking {unknown}
 k - a scroll of identify {unknown}
 l - a scroll of enchant weapon {unknown}
 n - a scroll of noise {unknown}
 p - a scroll of teleportation {unknown}
Potions
 i - a potion of degeneration {unknown}
 m - a potion of heal wounds {unknown}


   Skills:
 - Level 2.1 Fighting
 - Level 2.4 Dodging
 + Level 8.2 Unarmed Combat
 - Level 3.6 Shapeshifting


You had 6 spell levels left.
You didn't know any spells.
Your spell library contained the following spells:

 Spells                   Type           Power      Damage    Failure   Level
 Vhi's Electric Charge    Tloc/Air       0%         N/A       69%         3
 Arcjolt                  Conj/Air       0%         1d10      100%        5
 Plasma Beam              Fire/Air       0%         2x1d10    100%        6


Dungeon Overview and Level Annotations

Branches:
Dungeon (5/15) Zot: 1258
 Temple: D:4-7

Altars:
Nemelex Xobeh

Shops:
D:1 *


Innate Abilities, Weirdness & Mutations

You are a hulking beast.
Your limbs bulge with bestial killing power. (Slay +2)
You passively map a small area around you.
You are easily found by Zot.
You glow in the dark.
You regain HP and MP as you explore.


Message History

A gnoll comes into view. It is wielding a +0 flail.
The gnoll hits you with a +0 club.
You barely miss the gnoll.
The gnoll is heavily wounded.
The gnoll hits you with a +0 club!
You punch the gnoll!
You kill the gnoll!
A gnoll comes into view. It is wielding a +0 halberd.
You hit the hound.
The hound is moderately wounded.
The hound bites you. The gnoll closely misses you. The hound misses you.
You barely miss the hound.
The hound is moderately wounded.
The hound bites you but does no damage. The gnoll hits you with a +0 flail!
* * * LOW HITPOINT WARNING * * *
You hit the hound.
The hound is heavily wounded.
The hound bites you.
* * * LOW HITPOINT WARNING * * *
Unknown command.
You closely miss the hound.
The hound is heavily wounded.
The hound closely misses you. The gnoll barely misses you.
A gnoll comes into view. It is wielding a +0 spear.
The gnoll hits you but does no damage.
Unknown command.
You barely miss the hound.
The hound is heavily wounded.
The hound barely misses you.
The gnoll hits you from afar with a +0 halberd!
* * * LOW HITPOINT WARNING * * *
The gnoll hits you with a +0 flail!
* * * LOW HITPOINT WARNING * * *
The hound closely misses you.
You hit the hound.
The hound is heavily wounded.
The hound bites you.
* * * LOW HITPOINT WARNING * * *
The gnoll hits you from afar with a +0 halberd.
You die...

#............##.#
#.#.###.........#
, #.#.#
####.###### #.#.#
#.# *. * ## #.#.#
#.# .
#$..###...######.#
.
.......g.........#
* ..
#...###g######.###
*, * ##, #.h.# * *
* ,*#h### , #. #.
, , , #. * #. * ,
.. , #. , * ,


You could see a hound and 2 gnolls.

Vanquished Creatures
  An orc priest (D:3)
  2 iguanas (D:4)
  An orc wizard (D:4)
  5 gnolls
  10 adders
  A worm (D:2)
  3 dart slugs
  5 orcs
  9 endoplasms
  8 goblins
  4 hobgoblins
  4 jackals (D:4)
  3 quokkas
  9 ball pythons
  3 bats
  3 frilled lizards
  7 kobolds
  7 rats
85 creatures vanquished.

Vanquished Creatures (others)
  An orc wizard (D:4)
1 creature vanquished.

Grand Total: 86 creatures vanquished

Notes
Turn   | Place    | Note
-------+----------+-------------------------------------------
     0 | D:1      | lunkers the Meteoran Shapeshifter began the quest for the
                  | Orb.
     0 | D:1      | Reached XP level 1. HP: 17/17 MP: 2/2
    92 | D:1      | Reached skill level 3 in Unarmed Combat
    92 | D:1      | Reached XP level 2. HP: 21/24 MP: 3/3
   238 | D:1      | Found Jovidig's Assorted Antiques.
   286 | D:1      | Reached skill level 4 in Unarmed Combat
   286 | D:1      | Reached XP level 3. HP: 20/29 MP: 4/4
   502 | D:1      | Glimpsed the power of Zot.
   573 | D:2      | Reached XP level 4. HP: 19/36 MP: 5/5
   680 | D:2      | Reached skill level 5 in Unarmed Combat
   811 | D:2      | Reached XP level 5. HP: 41/41 MP: 6/6
   855 | D:3      | Found a sparkling altar of Nemelex Xobeh.
   900 | D:3      | Identified the +0 leather armour of Responsibility {rCorr
                  | Int+5}
   955 | D:3      | Reached skill level 6 in Unarmed Combat
  1095 | D:3      | Reached XP level 6. HP: 5/48 MP: 7/7
  1098 | D:3      | HP: 3/72 [poisoned by an adder]
  1327 | D:4      | Reached skill level 7 in Unarmed Combat
  1626 | D:4      | Reached XP level 7. HP: 46/55 MP: 8/8
  1641 | D:4      | Reached skill level 8 in Unarmed Combat
  1714 | D:5      | Entered Level 5 of the Dungeon
  1770 | D:5      | HP: 2/55 [hound (3)]
  1770 | D:5      | Slain by a gnoll

Illustrated notes

Levels and vault maps discovered:
D:1:      dpeg_arrival_rooms_a, layout_basic, serial_shops, shop,
          minmay_stone_trees_medium, minivault_27
D:2:      layout_basic, kennysheep_boxes
D:3:      layout_loops_cross, mainiacjoe_overflow_24_doors, zin_angel
D:4:      layout_gridville, nicolae_yredelemnul_ghost_church,
          minmay_temple_entry_poolview, nicolae_half_adder
D:5:      layout_loops_ring

Skill      XL: |  1  2  3  4  5  6  7 |
---------------+----------------------+-----
Unarmed Combat | 3 4 5 6 7 8 |  8.2
Fighting       | |  2.1
Dodging        | |  2.4
Shapeshifting  | |  3.6

Action                     |  1- 3 |  4- 6 |  7- 9 || total
---------------------------+-------+-------+-------++-------
  Melee: Unarmed           |    51 |   160 |    37 ||   248
         Punch             |     1 |     4 |       ||     5
    Use: Potion            |       |     1 |       ||     1
 Armour: Animal skin       |     6 |     7 |       ||    13
         Leather armour    |       |    37 |    11 ||    48
  Dodge: Dodged            |    13 |    76 |    23 ||   112

Table legend: (Time is in decaauts)
 A = Elapsed time spent in this place.
 B = Non-inter-level travel time spent in this place.
 C = Inter-level travel time spent in this place.
 D = Time resting spent in this place.
 E = Time spent auto-exploring this place.
 F = Levels seen in this place.
 G = Mean time per level.
                   A        B        C        D        E       F      G
               +--------+--------+--------+--------+--------+-----+--------+
         Total |   1740 |   1626 |    114 |     35 |   1009 |   5 |  348.0 |
       Dungeon |   1740 |   1626 |    114 |     35 |   1009 |   5 |  348.0 |
               +--------+--------+--------+--------+--------+-----+--------+

Top non-repeatable levels by time:
     D:3: 591 daAuts
     D:1: 513 daAuts
     D:2: 310 daAuts
     D:4: 270 daAuts
     D:5: 54 daAuts
